AoeStats
← Lizzie Borden

Arena

510664411Analyzed
2v2 RM · 18h ago on Oct 2, 2026· 40m 11s· 4 players
Game mode
Random Map
Map size
Medium (4 player)
Population
200
Speed
Normal
Resources
Standard
Victory
Conquest
Starting age
Dark Age
Ending age
Imperial Age
RankedLock teamsTeams togetherTeam positionsShared explorationLock speedFull tech treeHidden civsTurbo modeCheats
Victory
Defeat
🇩🇴 Byzantines · Dominican Republic
732
+18
🇺🇸 Khmer · United States
635
+22
🇨🇱 Huns · Chile
841
-23
🇨🇱 Persians · Chile
707
-17
a.mglass
1:34 Loom
11:36 Feudal Age
12:55 Wheelbarrow
12:11 Double-Bit Axe
13:45 Horse Collar
14:58 Man-at-Arms
15:24 Arson
22:07 Castle Age
20:23 Gold Mining
21:21 Scale Mail Armor
21:32 Stone Mining
23:21 Bow Saw
23:57 Heavy Plow
30:00 Forging
29:40 Fletching
29:51 Padded Archer Armor
29:57 Scale Barding Armor
30:45 Hand Cart
32:40 Squires
32:36 Pikeman
33:35 Long Swordsman
Lizzie Borden
12:36 Feudal Age
12:44 Loom
16:03 Castle Age
14:27 Horse Collar
16:12 Double-Bit Axe
16:50 Stone Mining
18:21 Wheelbarrow
17:32 Town Watch
18:29 Gold Mining
20:31 Bow Saw
24:20 Fletching
25:10 Ballistics
26:44 Bodkin Arrow
27:34 Town Patrol
27:39 Murder Holes
31:50 Gold Shaft Mining
32:11 Fortified Wall
36:50 Stone Shaft Mining
39:31 Bloodlines
39:22 Husbandry
38:43 Light Cavalry
Murduk1312
1:05 Loom
10:46 Feudal Age
12:49 Loom
17:07 Castle Age
15:35 Gold Mining
17:17 Double-Bit Axe
19:04 Horse Collar
20:00 Heavy Plow
33:18 Imperial Age
32:27 Bow Saw
33:33 Wheelbarrow
32:43 Town Watch
34:40 Bloodlines
34:31 Husbandry
34:44 Forging
34:40 Scale Barding Armor
37:06 Iron Casting
37:41 Pikeman
39:24 Blast Furnace
38:44 Chain Barding Armor
37:48 Cavalier
38:32 Marauders
SEXO FUERTE
7:03 Loom
11:27 Feudal Age
12:12 Double-Bit Axe
14:02 Wheelbarrow
16:03 Horse Collar
20:36 Castle Age
18:55 Gold Mining
20:51 Forging
22:22 Hand Cart
22:37 Heavy Plow
24:36 Bow Saw
27:13 Iron Casting
28:27 Kamandaran
29:51 Thumb Ring
29:07 Crossbowman
29:53 Husbandry
30:03 Bloodlines
32:53 Scale Barding Armor
35:16 Gambesons
35:32 Squires
Connection lost

Rejoining the realm…

Still unreachable

The connection could not be restored.

Session expired

The server has moved on; the page needs a fresh start.